Workbook

Sheet 1 Dados Cadastrais
A1: ANEXO I | C1: PLANO DE TRABALHO
A6: Obs1.: Células fundo amarelo tem ajuda ao clicar. Se não visível, clique na célula e em Dados no menu superior/ Validação / Ajuda para entrada de dados / Habilite a caixa para mostrar.
A7: Obs2.: Células com fundo cinza têm fórmulas e as com fundo cinza escuro têm fórmulas e orientações, conforme as de fundo amarelo.
A8: 1 DADOS CADASTRAIS
A9: 1.1 Entidade Proponente
A10: Órgão ou Entidade Proponente | F10: CNPJ
A12: Endereço (Rua/Av./nº/Bairro)
A14: Município | C14: Estado | D14: CEP | E14: DDD/Telefone | F14: FAX
A16: Banco | B16: Agência | C16: Conta Corrente | E16: E-mail
A18: Dirigente | F18: CPF
A20: RG / Órgão Exp. | C20: Cargo | E20: E-mail
A22: Endereço (Rua/Av./nº/Bairro) | F22: CEP
A24: Responsável Técnico pelo Projeto | F24: CPF
A26: RG / Órgão | C26: Cargo | E26: E-mail
A28: Endereço (Rua/Av./nº/Bairro) | F28: CEP
A30: Área de Atuação (Assistência Social, Educação, Saúde ou outra) | E30: Inscrição no Conselho Municipal (Nº e Data)
A32: Certificações / Cadastros Vigentes (Assinalar e Anexar Comprovante)
B33: CEBAS | D33: CNEAS | F33: Outro:
A34: 1.2 Entidade Executora
A35: Entidade Executora | E35: CNPJ
A37: Endereço (Rua/Av./nº/Bairro) | F37: DDD/Telefone
A39: Dirigente | F39: CPF
A41: RG / Órgão Exp. | C41: Cargo | E41: E-mail
A43: 1.3 Entidade de Controle Social
A44: Entidade de Controle Social (Conselho Municipal) | E44: CNPJ
A46: Endereço (Rua/Av./nº/Bairro) | F46: DDD/Telefone
A48: Dirigente | F48: CPF
A50: RG / Órgão Exp. | C50: Cargo | E50: E-mail
A52: Membro da Entidade Proponente ou Executora faz parte da Diretoria da Entidade de Controle Social? (Assinale)
B53: Sim | D53: Não

Sheet 2 Apresentação e Histórico
A1: ANEXO I – Plano de Trabalho
A3: 2 APRESENTAÇÃO E HISTÓRICO
A4: 2.1 Apresentação da Entidade Proponente (Breve resumo da área de atuação, estrutura administrativa e física)
A27: 2.2 Histórico da Entidade Proponente (Fundação, evolução etc.)

Sheet 3-9 Objeto, Público, Justificat
A1: ='2 Apresentação e Histórico'!$A$1 -> ANEXO I – Plano de Trabalho
A3: 3 OBJETO DA PARCERIA (Descrição do produto a ser entregue ou atividade a ser executada)
A6: 4 PÚBLICO-ALVO (Indicação do Público-Alvo)
A9: 5 JUSTIFICATIVA (Descrição do problema a ser resolvido)
A24: 6 PRAZO DE EXECUÇÃO
A25: Nº de Meses (máximo de 60 meses): | D25: Data Início: | F25: Data Fim (= Início + Nº de Meses):
A26: 12 | D26: A partir da assinatura | F26: XX/XX/XXXX
A27: 7 VALOR GLOBAL Indicação do Valor Global (= Total R$ Cronograma Físico)
A28: R$ | B28: =SUM('10 Cronograma Físico'!K32) -> 0
A29: 8 OBJETIVOS
A30: 8.1 Objetivo Geral
A36: 8.1 Objetivos Específicos
A50: 9 METAS E RESULTADOS ESPERADOS (Descrição das Metas e Resultados Esperados)
A51: 9.1 Metas Quantitativas
A52: Nº
A53: Meta
A54: Ação para Atingir a Meta
A55: Indicador
A56: Meio de Verificação
A58: Nº
A59: Meta
... A65: 9.2 Resultados Esperados

Sheet 10 Cronograma Físico
A1: ='3-9 Objeto, Público, Justificat'!$A$1 -> ANEXO I – Plano de Trabalho
A3: 10 CRONOGRAMA FÍSICO (Meta / Etapa / Indicador / Prazo / Local)
A4: Meta | B4: Etapa | C4: Descrição da Meta ou Etapa | F4: Indicador Físico | H4: Duração | J4: Valor (R$) | L4: Local de Execução
F5: Unidade | G5: Quantidade | H5: Início | I5: Término | J5: Unitário | K5: Total | L5: Endereço (Rua/Av./nº)
A6: 1 | C6: Manter … | F6: un | G6: 1 | H6: XX/XX/XX | I6: XX/XX/XX | J6: 0 | K6: =K7 -> 0
B7: 1.1 | C7: Manter ….. | F7: un | G7: 1 | H7: XX/XX/XX | I7: XX/XX/XX | J7: 0 | K7: =G7*J7 -> 0 | L7: Rua Xxxx, 000
K8: =G8*J8 -> 0
K9: =G9*J9 -> 0
K10: =G10*J10 -> 0
K11: =G11*J11 -> 0
K12: =G12*J12 -> 0
K13: =G13*J13 -> 0
K14: =G14*J14 -> 0
K15: =G15*J15 -> 0
K16: =G16*J16 -> 0
K17: =G17*J17 -> 0
K18: =G18*J18 -> 0
K19: =G19*J19 -> 0
... K31: =G31*J31 -> 0
A32: TOTAL (R$) | K32: =SUM(K7:K31) -> 0

Sheet 11 Cronograma de Desembolso - C
A1: ='10 Cronograma Físico'!$A$1 -> ANEXO I – Plano de Trabalho
A3: 11 CRONOGRAMA DE DESEMBOLSO (Meta / Etapa / Nº e Valor da Parcela / Valor Total)
A4: Concedente (Repasse)
A5: Meta | B5: Exercício | C5: Parcela (R$) | O5: Valor
A6: Etapa | C6: 1 | D6: 2 | E6: 3 | F6: 4 | G6: 5 | H6: 6 | I6: 7 | J6: 8 | K6: 9 | L6: 10 | M6: 11 | N6: 12 | O6: Total (R$)
A7: 1 | C7: =SUM(C8:C32) -> 100 | D7: =SUM(D8:D32) -> 100 | E7: =SUM(E8:E32) -> 100 | F7: =SUM(F8:F32) -> 100 | G7: =SUM(G8:G32) -> 100 | H7: =SUM(H8:H32) -> 100 | I7: =SUM(I8:I32) -> 100 | J7: =SUM(J8:J32) -> 100 | ... N7: =SUM(N8:N32) -> 100 | O7: =SUM(C7:N7) -> 1200
A8: 1.1 | B8: XXXX | C8: 100 | D8: 100 | E8: 100 | F8: 100 | G8: 100 | H8: 100 | I8: 100 | J8: 100 | K8: 100 | L8: 100 | M8: 100 | N8: 100 | O8: =SUM(C8:N8) -> 1200
O9: =SUM(C9:N9) -> 0
O10: =SUM(C10:N10) -> 0
O11: =SUM(C11:N11) -> 0
O12: =SUM(C12:N12) -> 0
O13: =SUM(C13:N13) -> 0
O14: =SUM(C14:N14) -> 0
O15: =SUM(C15:N15) -> 0
O16: =SUM(C16:N16) -> 0
O17: =SUM(C17:N17) -> 0
O18: =SUM(C18:N18) -> 0
O19: =SUM(C19:N19) -> 0
O20: =SUM(C20:N20) -> 0
... O32: =SUM(C32:N32) -> 0
A33: TOTAL (R$) | C33: =SUM(C7) -> 100 | D33: =SUM(D7) -> 100 | E33: =SUM(E7) -> 100 | F33: =SUM(F7) -> 100 | G33: =SUM(G7) -> 100 | H33: =SUM(H7) -> 100 | I33: =SUM(I7) -> 100 | J33: =SUM(J7) -> 100 | ... N33: =SUM(N7) -> 100 | O33: =SUM(O8:O32) -> 1200

Sheet 12 Cronograma de Desembolso - P
A1: ='11 Cronograma de Desembolso - C'!$A$1 -> ANEXO I – Plano de Trabalho
A3: 12 CRONOGRAMA DE DESEMBOLSO (Meta / Etapa / Nº e Valor da Parcela / Valor Total)
A4: Proponente (Contrapartida)
A5: Meta | B5: Exercício | C5: Parcela (R$) | O5: Valor
A6: Etapa | C6: 1 | D6: 2 | E6: 3 | F6: 4 | G6: 5 | H6: 6 | I6: 7 | J6: 8 | K6: 9 | L6: 10 | M6: 11 | N6: 12 | O6: Total (R$)
A7: 1 | C7: =SUM(C8:C32) -> 0 | D7: =SUM(D8:D32) -> 0 | E7: =SUM(E8:E32) -> 0 | F7: =SUM(F8:F32) -> 0 | G7: =SUM(G8:G32) -> 0 | H7: =SUM(H8:H32) -> 0 | I7: =SUM(I8:I32) -> 0 | J7: =SUM(J8:J32) -> 0 | ... N7: =SUM(N8:N32) -> 0 | O7: =SUM(C7:N7) -> 0
A8: 1.1 | C8: (se houver) | O8: =SUM(C8:N8) -> 0
O9: =SUM(C9:N9) -> 0
O10: =SUM(C10:N10) -> 0
O11: =SUM(C11:N11) -> 0
O12: =SUM(C12:N12) -> 0
O13: =SUM(C13:N13) -> 0
O14: =SUM(C14:N14) -> 0
O15: =SUM(C15:N15) -> 0
O16: =SUM(C16:N16) -> 0
O17: =SUM(C17:N17) -> 0
O18: =SUM(C18:N18) -> 0
O19: =SUM(C19:N19) -> 0
O20: =SUM(C20:N20) -> 0
... O32: =SUM(C32:N32) -> 0
A33: TOTAL (R$) | C33: =C7 -> 0 | D33: =D7 -> 0 | E33: =E7 -> 0 | F33: =F7 -> 0 | G33: =G7 -> 0 | H33: =H7 -> 0 | I33: =I7 -> 0 | J33: =J7 -> 0 | ... N33: =N7 -> 0 | O33: =SUM(O8:O32) -> 0

Sheet 13 Plano de Aplicação - Detalha
A1: ='12 Cronograma de Desembolso - P'!$A$1 -> ANEXO I – Plano de Trabalho
A3: 13 PLANO DE APLICAÇÃO – DETALHADO (Meta/ Etapa/ Item / Indicador Físico / Duração / Valor / Fonte de Recursos / Referência de Custo / Fonte de Recursos)
A4: Projeto | B4: Fonte | C4: Código | D4: Descrição | E4: Tipo de Despesa | F4: Indicador Físico | H4: Duração | J4: Valor (R$) | O4: Referência de Custo (R$) | P4: Fonte de Recursos
A5: Meta/ Etapa/ Item | B5: Sinapi/ CPOS/ Cotação | C5: Sinapi/ CPOS/ Cotação | F5: Unidade | G5: Quantidade | H5: Início | I5: Término | J5: Unitário | K5: BDI % | L5: Unitário C/ BDI | M5: Total | N5: Total c/ BDI
A6: 1 | D6: Manter… | M6: =M7 -> 0 | N6: =N7 -> 0
A7: 1.1 | D7: Manter … | M7: =SUM(M8:M32) -> 0 | N7: =SUM(N8:N32) -> 0
A8: 1.1.1 | D8: Material …. | E8: bem | F8: un | G8: 1 | H8: XX/XX/XX | I8: XX/XX/XX | J8: 0 | L8: =J8*K8 -> 0 | M8: =G8*J8 -> 0 | N8: =G8*L8 -> 0 | O8: estimado | P8: RP
A9: 1.1.2 | D9: Pessoal … | E9: serviço | F9: un | G9: 1 | H9: XX/XX/XX | I9: XX/XX/XX | J9: 0 | L9: =J9*K9 -> 0 | M9: =G9*J9 -> 0 | N9: =G9*L9 -> 0 | O9: estimado | P9: RP
A10: 1.1.3 | D10: Pessoal … | E10: serviço | F10: un | G10: 1 | H10: XX/XX/XX | I10: XX/XX/XX | J10: 0 | L10: =J10*K10 -> 0 | M10: =G10*J10 -> 0 | N10: =G10*L10 -> 0 | O10: estimado | P10: RP
L11: =J11*K11 -> 0 | M11: =G11*J11 -> 0 | N11: =G11*L11 -> 0
L12: =J12*K12 -> 0 | M12: =G12*J12 -> 0 | N12: =G12*L12 -> 0
L13: =J13*K13 -> 0 | M13: =G13*J13 -> 0 | N13: =G13*L13 -> 0
L14: =J14*K14 -> 0 | M14: =G14*J14 -> 0 | N14: =G14*L14 -> 0
L15: =J15*K15 -> 0 | M15: =G15*J15 -> 0 | N15: =G15*L15 -> 0
L16: =J16*K16 -> 0 | M16: =G16*J16 -> 0 | N16: =G16*L16 -> 0
L17: =J17*K17 -> 0 | M17: =G17*J17 -> 0 | N17: =G17*L17 -> 0
L18: =J18*K18 -> 0 | M18: =G18*J18 -> 0 | N18: =G18*L18 -> 0
L19: =J19*K19 -> 0 | M19: =G19*J19 -> 0 | N19: =G19*L19 -> 0
L20: =J20*K20 -> 0 | M20: =G20*J20 -> 0 | N20: =G20*L20 -> 0
L21: =J21*K21 -> 0 | M21: =G21*J21 -> 0 | N21: =G21*L21 -> 0
L22: =J22*K22 -> 0 | M22: =G22*J22 -> 0 | N22: =G22*L22 -> 0
... L32: =J32*K32 -> 0 | M32: =G32*J32 -> 0 | N32: =G32*L32 -> 0
A33: TOTAL (R$) | M33: =SUM(M8:M32) -> 0 | N33: =SUM(N8:N32) -> 0

Sheet 14 Plano de Aplicação - Consoli
A1: ='13 Plano de Aplicação - Detalha'!$A$1 -> ANEXO I – Plano de Trabalho
A3: 14 PLANO DE APLICAÇÃO – CONSOLIDADO (Item de Despesa / Natureza da Despesa / Origem dos Recursos)
A4: Item de Despesa | E4: Tipo de Despesa | G4: Recursos da | H4: Contrapartida em | I4: Rendimentos de | J4: Total
A5: Nº | B5: Descrição | G5: Parceria (R$) | H5: Bens/Serviços (R$) | I5: Aplicação (R$) | J5: (R$)
A6: 1.1.1 | B6: Material … | E6: bem | G6: 0 | J6: =SUM(G6:I6) -> 0
A7: 1.1.2 | B7: Pessoal …. | E7: serviço | G7: 0 | J7: =SUM(G7:I7) -> 0
A8: 1.1.3 | B8: Pessoal …. | E8: serviço | G8: 0 | J8: =SUM(G8:I8) -> 0
A9: 1.1.4 | J9: =SUM(G9:I9) -> 0
A10: 1.1.5 | J10: =SUM(G10:I10) -> 0
A11: 1.1.6 | J11: =SUM(G11:I11) -> 0
A12: 1.1.7 | J12: =SUM(G12:I12) -> 0
A13: 1.1.8 | J13: =SUM(G13:I13) -> 0
A14: 1.1.9 | J14: =SUM(G14:I14) -> 0
A15: 1.1.10 | J15: =SUM(G15:I15) -> 0
J16: =SUM(G16:I16) -> 0
J17: =SUM(G17:I17) -> 0
J18: =SUM(G18:I18) -> 0
J19: =SUM(G19:I19) -> 0
J20: =SUM(G20:I20) -> 0
J21: =SUM(G21:I21) -> 0
J22: =SUM(G22:I22) -> 0
J23: =SUM(G23:I23) -> 0
J24: =SUM(G24:I24) -> 0
J25: =SUM(G25:I25) -> 0
J26: =SUM(G26:I26) -> 0
J27: =SUM(G27:I27) -> 0
... J32: =SUM(G32:I32) -> 0
A33: TOTAL (R$) | G33: =SUM(G6:G32) -> 0 | H33: =SUM(H6:H32) -> 0 | I33: =SUM(I6:I32) -> 0 | J33: =SUM(J6:J32) -> 0

Sheet 15 Monitoramento e Controle
A1: ='14 Plano de Aplicação - Consoli'!$A$1 -> ANEXO I – Plano de Trabalho
A3: 15 MONITORAMENTO E CONTROLE (Meta / Etapa / Indicador / Prazo / Valor / Prestação de Contas)
A4: 15.1 Execução das Etapas (Ações)
C5: Indicador Físico | F5: Duração | J5: Valor (R$ 1,00)
A6: Meta/ Etapa/ Item | B6: Descrição da Meta ou Etapa (Ações) | C6: Unidade | D6: Quantidade Prevista | E6: Quantidade Realizada | F6: Início Previsto | G6: Início Realizado | H6: Término Previsto | I6: Término Realizado | J6: Unitário Previsto | K6: Unitário Realizado | L6: Total Previsto | M6: Total Realizado
A7: 1 | B7: Manter … | L7: =L8 -> 0 | M7: =M8 -> 0
A8: 1.1 | B8: Manter … | L8: =SUM(L9:L25) -> 0 | M8: =SUM(M9:M25) -> 0
A9: 1.1.1 | B9: Material … | C9: un | D9: 1 | F9: XX/XX/XX | H9: XX/XX/XX | J9: 0 | L9: =D9*J9 -> 0 | M9: =E9*K9 -> 0
A10: 1.1.2 | B10: Pessoal … | C10: un | D10: 1 | F10: XX/XX/XX | H10: XX/XX/XX | J10: 0 | L10: =D10*J10 -> 0 | M10: =E10*K10 -> 0
A11: 1.1.3 | B11: Pessoal …. | C11: un | D11: 1 | F11: XX/XX/XX | H11: XX/XX/XX | J11: 0 | L11: =D11*J11 -> 0 | M11: =E11*K11 -> 0
L12: =D12*J12 -> 0 | M12: =E12*K12 -> 0
L13: =D13*J13 -> 0 | M13: =E13*K13 -> 0
L14: =D14*J14 -> 0 | M14: =E14*K14 -> 0
L15: =D15*J15 -> 0 | M15: =E15*K15 -> 0
L16: =D16*J16 -> 0 | M16: =E16*K16 -> 0
L17: =D17*J17 -> 0 | M17: =E17*K17 -> 0
L18: =D18*J18 -> 0 | M18: =E18*K18 -> 0
L19: =D19*J19 -> 0 | M19: =E19*K19 -> 0
L20: =D20*J20 -> 0 | M20: =E20*K20 -> 0
L21: =D21*J21 -> 0 | M21: =E21*K21 -> 0
L22: =D22*J22 -> 0 | M22: =E22*K22 -> 0
L23: =D23*J23 -> 0 | M23: =E23*K23 -> 0
... L25: =D25*J25 -> 0 | M25: =E25*K25 -> 0
A26: TOTAL (R$ 1.000,00) | I26: TOTAL (R$ 1.000,00 | L26: =L7 -> 0 | M26: =M7 -> 0
A27: 15.2 Prestação de Contas (Decreto Municipal nº 6.090/2017)
A28: Resp. | B28: Frequência / Prazo para Apresentação | C28: Documentação | F28: Documentação | H28: Previsto | I28: Realizado | J28: Previsto | K28: Realizado | L28: Previsto | M28: Realizado
A29: Prop. | B29: Quadrimestral / 10 dias úteis após encerrar | C29: Relatórios Exec. Objeto e Financeira | H29: mês/ano | J29: mês/ano | L29: mês/ano
A30: Prop. | B30: Anual / 31/01 exercício seguinte ao repasse | C30: Relação Documentos (art. 86, § 2º, I) | H30: 31/01/ano
A31: Conc. | B31: Eventual / Durante a vigência | C31: Relatórios Visita Técnica Gestor (art. 81, § 2º)
A32: Conc. | B32: Anual / 31/01 exercício seguinte ao repasse | C32: Relatórios e Pareceres (art. 86, § 2º, II)
A33: Conc. | B33: Anual / 20 dias úteis recebimento relatórios | C33: Parecer Técnico Gestor PCF (art. 87, § 2º)

Sheet 16 Declaração do Proponente
A1: ='15 Monitoramento e Controle'!$A$1 -> ANEXO I – Plano de Trabalho
A3: 16 DECLARAÇÃO
A4: Na qualidade de representante legal da Entidade Proponente, declaro, para os efeitos e sob as penas da lei, que esta entidade:
A5: a) | B5: preenche os requisitos mínimos para o seu enquadramento como beneficiária de ajuste com o Município da Estância Turística de Paraguaçu Paulista, conforme exigido pela Lei de Diretrizes Orçamentárias vigente;
A6: b) | B6: informará ao Município, a qualquer tempo, as ações desenvolvidas para viabilizar o monitoramento e controle das etapas (ações) a serem executadas no âmbito deste Plano de Trabalho;
A7: c) | B7: prestará contas das ações realizadas com recursos transferidos pelo Município destinados à execução do objeto deste Plano de Trabalho;
A8: d) | B8: manterá e movimentará em instituição financeira pública os recursos recebidos em conta bancária específica da parceria;
A9: e) | B9: não está impedida de celebrar qualquer modalidade de parceria com órgãos públicos e que, portanto, não se submete às vedações previstas no art. 39 da Lei Federal nº 13.019/2014 e alterações;
A10: f) | B10: possui estrutura e capacidade técnica e operacional para o desenvolvimento das atividades e cumprimento das metas estabelecidas no objeto da parceira, estando ciente da obrigação de seguir as normas legais;
A11: g) | B11: não possui entre seus dirigentes nenhum membro de Poder ou do Ministério Público, ou dirigente de órgão ou entidade da Administração Pública Municipal, estendendo-se a vedação aos respectivos cônjuges ou companheiros, bem como parentes em linha reta, colateral ou por afinidade, até o segundo grau, sendo considerados membros do Poder Executivo, o Chefe do Poder Executivo, Vice Prefeito e Secretários Municipais ou cargo equivalente; e membros do Poder Legislativo, os Vereadores; ou membros do Ministério Público, como Procuradores e Promotores;
A12: h) | B12: nenhum dos dirigentes incorre nas situações de vedações, previstas nas alienas "a", "b" e "c" do inciso VII do art. 39 da Lei Federal nº 13.019/2014 e alterações;
A13: i) | B13: não contratará ou remunerará a qualquer título, com os recursos repassados, servidor ou empregado público, inclusive àquele que exerça cargo em comissão ou função de confiança de órgão ou entidade da Administração Pública Municipal, bem como seus respectivos cônjuges, companheiros ou parentes, até o segundo grau, em linha reta, colateral ou por afinidade;
A14: j) | B14: não contratará empresa(s) pertencente(s) a parentes até 2º grau, inclusive por afinidade, de dirigentes da entidade, ou de agentes políticos de Poder ou do Ministério Público, dirigente de órgão ou entidade da Administração Pública Municipal ou respectivo cônjuge ou companheiro, bem como parente em linha reta, colateral ou por afinidade;
A15: l) | B15: não emprega menor de dezoito anos em trabalho noturno, perigoso ou insalubre e não emprega menor de dezesseis anos, salvo na condição de aprendiz;
A16: m) | B16: esta ciente do inteiro teor da legislação que rege a matéria, em especial da Lei Federal nº 13.019/2014 e do Decreto Municipal nº 6.090/2017, tendo as condições legais de firmar a parceria com a administração pública municipal.
B19: Paraguaçu Paulista-SP,
D20: ________ dia | E20: _______ mês | F20: ________ ano
A23: Assinatura:
A24: Dirigente:
A25: Proponente:

Sheet 17 Planilha de Cotação de Preço
A1: ='16 Declaração do Proponente'!$A$1 -> ANEXO I – Plano de Trabalho
A3: 17 PLANILHA DE COTAÇÃO DE PREÇOS (Item de Despesa / Fornecedor)
A4: Item de Despesa | E4: Fornecedor: | G4: Fornecedor: | I4: Fornecedor: | K4: Mediana
A5: Código | B5: Descrição | E5: Telefone: | F5: Preço Cotado (R$) | G5: Telefone: | H5: Preço Cotado (R$) | I5: Telefone: | J5: Preço Cotado (R$) | K5: Preços Cotados (R$)
F6: 0 | H6: 0 | J6: 0 | K6: =MEDIAN(F6,H6,J6) -> 0
F7: 0 | H7: 0 | J7: 0 | K7: =MEDIAN(F7,H7,J7) -> 0
F8: 0 | H8: 0 | J8: 0 | K8: =MEDIAN(F8,H8,J8) -> 0
F9: 0 | H9: 0 | J9: 0 | K9: =MEDIAN(F9,H9,J9) -> 0
F10: 0 | H10: 0 | J10: 0 | K10: =MEDIAN(F10,H10,J10) -> 0
F11: 0 | H11: 0 | J11: 0 | K11: =MEDIAN(F11,H11,J11) -> 0
F12: 0 | H12: 0 | J12: 0 | K12: =MEDIAN(F12,H12,J12) -> 0
F13: 0 | H13: 0 | J13: 0 | K13: =MEDIAN(F13,H13,J13) -> 0
F14: 0 | H14: 0 | J14: 0 | K14: =MEDIAN(F14,H14,J14) -> 0
F15: 0 | H15: 0 | J15: 0 | K15: =MEDIAN(F15,H15,J15) -> 0
F16: 0 | H16: 0 | J16: 0 | K16: =MEDIAN(F16,H16,J16) -> 0
F17: 0 | H17: 0 | J17: 0 | K17: =MEDIAN(F17,H17,J17) -> 0
... F34: 0 | H34: 0 | J34: 0 | K34: =MEDIAN(F34,H34,J34) -> 0

Sheet 18 Aprovação pelo Concedente
A1: ='17 Planilha de Cotação de Preço'!$A$1 -> ANEXO I – Plano de Trabalho
A3: 18 APROVAÇÃO PELO CONCEDENTE
A6: O plano de trabalho e os documentos comprobatórios apresentados pelo Proponente, previstos na legislação que regula a matéria, foram analisados por técnicos deste órgão municipal, integrantes da Comissão de Monitoramento e Avaliação, e pelo órgão de Assuntos Jurídicos da Prefeitura, conforme pareceres técnico e jurídico anexos, que manifestaram pela:
A8: ( ) | B8: Aprovação
A10: ( ) | B10: Aprovação com Ressalvas
A12: ( ) | B12: Reprovação
A15: a) A aprovação do plano de trabalho não gerará direito à celebração da parceria.
A16: b) Nas hipóteses previstas nos artigos 40 e 41 do Decreto Municipal nº 6.090/2017, nos casos de dispensa ou inexigibilidade do chamamento público, o referido parecer jurídico será precedido de manifestação do órgão de Controle Interno.
A17: c) No caso de Aprovação com Ressalvas deverá o administrador público sanar os aspectos ressalvados perante a entidade Proponente ou, mediante ato formal, justificar a preservação desses aspectos ou sua exclusão.
A20: Paraguaçu Paulista-SP,
C21: ________ dia | D21: _______ mês | E21: ________ ano
A25: Assinatura:
A26: Dirigente:
A27: Órgão Municipal:

Sheet Referências
A1: Unidade de Medida Abreviada | B1: Descrição Unidade de Medida
A2: un | B2: unidade
A3: km | B3: quilômetro
A4: m | B4: metro
A5: cm | B5: centímetro
A6: dm | B6: decímetro
A7: mm | B7: milímetro
A8: t | B8: tonelada
A9: kg | B9: quilograma
A10: g | B10: grama
A11: mg | B11: miligrama
A12: L | B12: litro
... A24: cm2 | B24: centímetro quadrado
